 Dungeon Crawl Stone Soup version 0.29-a0-356-g7bc237e783 (webtiles) character file.

Game seed: 551380274886763185

14251 zeratav the Thaumaturge (level 12, -10/91 HPs)
             Began as a Djinni Ice Elementalist on Apr 26, 2022.
             Was a Priest of Nemelex Xobeh.
             Mangled by a cyclops (28 damage)
             ... on level 2 of the Orcish Mines.
             The game lasted 00:41:35 (16140 turns).

zeratav the Thaumaturge (Djinni Ice Elementalist)  Turns: 16140, Time: 00:41:36

Health: -10/91     AC:  9    Str:  7    XL:     12   Next: 42%
Gold:   1148       EV: 16    Int: 21    God:    Nemelex Xobeh [***...] SH:  0 Dex: 15

rFire   + + .      SeeInvis +   w - +8 Vampire's Tooth {vamp}
rCold   x . .      Faith    .   (no shield)
rNeg    . . .      Spirit   .   (no body armour)
rPois   ∞          Reflect  .   K - +0 helmet {SInv}
rElec   .          Harm     .   H - +2 cloak
rCorr   .          Rampage  .   C - +0 pair of gloves
Will    +....                   (boots unavailable)
Stlth   ++........              h - amulet of the acrobat
HPRegen 0.25/turn               O - +4 ring of evasion
MPRegen 0.00/turn               a - +4 ring of protection

@: flying
A: sickness immunity, fire resistance 2, cold vulnerability 1, float, innate
caster, HP casting, extra vitality 1
a: Renounce Religion, Draw Escape, Draw Destruction, Draw Summoning, Triple Draw


You were on level 2 of the Orcish Mines.
You worshipped Nemelex Xobeh.
Nemelex Xobeh was most pleased with you.
You visited 2 branches of the dungeon, and saw 12 of its levels.

You collected 1148 gold pieces.


Innate Abilities, Weirdness & Mutations

You are immune to sickness and miasma.
You are immune to poison.
Your flesh is very heat resistant. (rF++)
You are vulnerable to cold. (rC-)
You float through the air rather than walking.
You learn spells naturally, not from books.
Your magical power is your life essence.
You have superior vitality. (+4 MHP)


   Skills:
 - Level 10.0 Fighting
 + Level 5.8 Armour
 - Level 2.1 Dodging
 - Level 1.5 Stealth
 - Level 10.0 Spellcasting
 - Level 10.0 Invocations


You had 6 spell levels left.
You knew the following spells:

 Your Spells              Type           Power      Damage    Failure   Level
a - Searing Ray           Conj           100%       2d8       1%          2
b - Frozen Ramparts       Ice            100%       1d12      1%          3
c - Ozocubu's Armour      Ice            51%        N/A       1%          3
d - Stone Arrow           Conj/Erth      100%       3d13      1%          3
e - Cause Fear            Hex            25%        N/A       1%          4
f - Summon Ice Beast      Ice/Summ       51%        N/A       1%          4
g - Pain                  Necr           100%       1d9       1%          1
h - Freeze                Ice            100%       1d11      1%          1
i - Hailstorm             Conj/Ice       51%        3d11      1%          4
Your spell library was empty.

Inventory:

Hand Weapons
 w - the +8 Vampire's Tooth (weapon) {vamp}
   (You found it on level 3 of the Dungeon)

   It occasionally heals its wielder for the full amount of damage dealt when it
   wounds a living foe.
 T - a +0 eveningstar of venom {macerare=g}
   (You took it off Urug on level 1 of the Orcish Mines)
Armour
 c - a +0 chain mail
   (You took it off an orc warrior on level 1 of the Orcish Mines)
 f - the +0 scale mail of Bad Feelings {rCorr}
   (You found it on level 9 of the Dungeon)

   rCorr:     It protects you from acid and corrosion.
 i - a +0 ring mail
   (You took it off an orc priest on level 10 of the Dungeon)
 u - a +0 chain mail
   (You took it off an orc on level 1 of the Orcish Mines)
 y - +0 acid dragon scales
   (You found it on level 8 of the Dungeon)
 B - a +2 scale mail of cold resistance
   (You took it off an orc priest on level 8 of the Dungeon)
 C - a +0 pair of gloves (worn)
   (You found it on level 6 of the Dungeon)
 G - a +0 ring mail
   (You took it off an orc on level 1 of the Orcish Mines)
 H - a +2 cloak (worn)
   (You found it on level 5 of the Dungeon)
 K - a +0 helmet of see invisible (worn)
   (You found it on level 9 of the Dungeon)
 N - a +0 plate armour
   (You took it off an orc warrior on level 1 of the Orcish Mines)
 R - a +0 plate armour
   (You took it off an orc warrior on level 1 of the Orcish Mines)
Jewellery
 a - a +4 ring of protection (right hand)
   (You found it on level 3 of the Dungeon)
 h - an amulet of the acrobat (around neck)
   (You found it on level 3 of the Dungeon)
 k - a ring of positive energy
   (You found it on level 1 of the Dungeon)
 M - a ring of ice
   (You took it off a gnoll on level 9 of the Dungeon)
 O - a +4 ring of evasion (left hand)
   (You found it on level 10 of the Dungeon)
Wands
 b - a wand of flame (18)
   (You found it on level 3 of the Dungeon)
 v - a wand of iceblast (31)
   (You found it on level 3 of the Dungeon)
 D - a wand of paralysis (2)
   (You found it on level 8 of the Dungeon)
 I - a wand of mindburst (12)
   (You found it on level 8 of the Dungeon)
Scrolls
 d - a scroll of holy word
 e - 3 scrolls of immolation {!r!r}
 o - 2 scrolls of brand weapon
 q - 4 scrolls of teleportation {@r4}
 x - 5 scrolls of vulnerability {!r!r}
 E - a scroll of fear
 F - 2 scrolls of enchant armour
 P - a scroll of summoning
 Q - a scroll of amnesia {unknown}
 W - 2 scrolls of enchant weapon
Potions
 g - 2 potions of resistance
 j - 2 potions of ambrosia {unknown}
 l - 3 potions of brilliance
 m - 3 potions of lignification {!q}
 n - a potion of curing {@q1}
 p - 2 potions of mutation {unknown}
 r - 4 potions of might
 s - 3 potions of attraction {unknown}
 t - 2 potions of flight {unknown}
 z - 2 potions of magic {unknown}
 A - a potion of berserk rage {!q}
 L - a potion of haste {unknown}
 S - a potion of invisibility {unknown}

Dungeon Overview and Level Annotations

Branches:
Dungeon (10/15)            Temple (0/1) D:7             Orc (2/2) D:10
   Lair: D:8-11         Elf: Orc:2

Altars:
Makhleb
Nemelex Xobeh
Yredelemnul
Zin
Beogh

Shops:
D:2

[ ...............##...
##........#.#........
##.....#....#.........
#.....................
##..............#.....
#...)....#)......T....
##.#.[))..#.#...#.....
##)###.[)..##...)..).
#.<#@.......##.#..).#
#..##C.[)...##.#.)..#
#..[.$)#............##
#.[.)...............#
##..................#
#......#..............
#..[[..##.............
##....[.........# ....
#...... ....... ..##


You could see a cyclops.


Message History

* * * LOW HITPOINT WARNING * * *
The troll bites you.
* * * LOW HITPOINT WARNING * * *
The troll claws you!
* * * LOW HITPOINT WARNING * * *
The troll claws you!
* * * LOW HITPOINT WARNING * * *
HP[+2]
You regained 2 hp, and now have 3/91 hp.
You feel much better. The troll bites you but does no damage.
The troll claws you.
* * * LOW HITPOINT WARNING * * *
The troll barely misses you. The cyclops misses you.
HP[+20]
You regained 20 hp, and now have 23/91 hp.
You draw a card...
You have drawn the Tomb.
Walls emerge from the floor!
The troll barely misses you. The troll claws you!
* * * LOW HITPOINT WARNING * * *
The troll claws you.
* * * LOW HITPOINT WARNING * * *
HP[-13]
You take 13 damage, and now have 10/91 hp.
The walls disappear prematurely!
The troll attacks as you move away! The troll misses you.
The troll completely misses you. x2
You see here a +0 giant club {mace}.
You draw a card...
You have drawn the Tomb.
Walls emerge from the floor!
The troll closely misses you. The troll claws you.
* * * LOW HITPOINT WARNING * * *
The troll claws you.
* * * LOW HITPOINT WARNING * * *
The cyclops closely misses you.
HP[-9]
You take 9 damage, and now have 1/91 hp.
Casting: Stone Arrow (safe; 1% risk of failure)
Confirm with . or Enter, or press ? or * to list all spells.
Okay, then.
You draw a card...
You have drawn the Elixir.
You begin rapidly regenerating health and magic.
The troll bites you but does no damage. The troll misses you.
The troll claws you!
* * * LOW HITPOINT WARNING * * *
HP[+2]
You regained 2 hp, and now have 3/91 hp.
You puncture the troll!
You feel better. The troll barely misses you.
The troll claws you but does no damage. The troll claws you.
* * * LOW HITPOINT WARNING * * *
The cyclops hits you but does no damage.
HP[+6]
You regained 6 hp, and now have 9/91 hp.
You puncture the troll!
You feel better.
HP[+8]
You regained 8 hp, and now have 17/91 hp.
You closely miss the troll. The troll bites you but does no damage.
The troll barely misses you. The troll misses you.
The cyclops hits you but does no damage.
You barely miss the troll. The troll misses you. The troll claws you.
* * * LOW HITPOINT WARNING * * *
The troll claws you but does no damage.
HP[-2]
You take 2 damage, and now have 15/91 hp.
You puncture the troll! The cyclops barely misses you.
The troll bites you but does no damage. The troll barely misses you.
The troll claws you.
* * * LOW HITPOINT WARNING * * *
HP[-3]
You take 3 damage, and now have 12/91 hp.
You puncture the troll!
You feel better.
HP[+14]
You regained 14 hp, and now have 26/91 hp.
You hit the troll. The troll barely misses you. The troll claws you!
* * * LOW HITPOINT WARNING * * *
The troll barely misses you. The cyclops barely misses you.
HP[-11]
You take 11 damage, and now have 15/91 hp.
You puncture the troll!
You feel better.
You kill the troll!
HP[+4]
You regained 4 hp, and now have 19/91 hp.
You puncture the cyclops!
You feel better. The cyclops hits you!!
* * * LOW HITPOINT WARNING * * *
HP[-9]
You take 9 damage, and now have 10/91 hp.
You hit the cyclops but do no damage. You hit the cyclops.
You feel better. The cyclops completely misses you.
HP[+3]
You regained 3 hp, and now have 13/91 hp.
You hit the cyclops but do no damage. You barely miss the cyclops.
The cyclops barely misses you.
You barely miss the cyclops. You puncture the cyclops!
The cyclops closely misses you.
You hit the cyclops.
HP[+1]
You hit the cyclops.
You feel better. The cyclops closely misses you.
HP[+4]
You regained 4 hp, and now have 18/91 hp.
You hit the cyclops. You hit the cyclops. The cyclops hits you!!
You die...
Your body glows slightly and disappears.

Skill      XL: |  1  2  3  4  5  6  7  8  9 10 11 12 |
---------------+-------------------------------------+-----
Spellcasting   | 4 5 6 7 8 10 | 10.0
Fighting       | 5 9 10 | 10.0
Invocations    | 9 10 | 10.0
Armour         | 5 |  5.8
Dodging        | |  2.1
Stealth        | |  1.5

Action                   |  1- 3 |  4- 6 |  7- 9 | 10-12 || total
-------------------------+-------+-------+-------+-------++-------
Melee: Unarmed           |     2 |       |       |       ||     2
       Short sword       |     8 |       |       |       ||     8
       Quick blade       |       |    22 |    12 |    39 ||    73
       Punch             |       |       |       |     1 ||     1
 Cast: Freeze            |    28 |    10 |       |       ||    38
       Pain              |    31 |    27 |     2 |       ||    60
       Frozen Ramparts   |     1 |       |     6 |     9 ||    16
       Searing Ray       |       |    16 |    19 |    10 ||    45
       Stone Arrow       |       |       |    27 |   148 ||   175
       Hailstorm         |       |       |     2 |    30 ||    32
       Ozocubu's Armour  |       |       |     1 |     5 ||     6
       Summon Ice Beast  |       |       |     3 |     5 ||     8
       Cause Fear        |       |       |       |     8 ||     8
Invok: Draw Destruction  |       |       |    10 |     4 ||    14
       Draw Escape       |       |       |       |     5 ||     5
       Deal Four         |       |       |       |     2 ||     2
Evoke: Wand              |       |       |       |     6 ||     6
  Use: Scroll            |       |       |       |    17 ||    17
       Potion            |       |       |       |     5 ||     5
 Stab: Sleeping          |       |     1 |       |       ||     1
       Paralysed         |       |       |       |     4 ||     4
Armor: Robe              |     7 |     1 |       |       ||     8
       Ring mail         |       |    18 |    15 |    32 ||    65
       Skin              |       |       |       |    15 ||    15
Dodge: Dodged            |    32 |    45 |    28 |   102 ||   207

Levels and vault maps discovered:
D:1:      saegor_arrival_simple_b, layout_basic,
          nicolae_ecumenical_snake_handling, minmay_misc_feat_square
D:2:      layout_basic, serial_shops, shop
D:3:      layout_basic
D:4:      layout_basic, mainiacjoe_overflow_concentric_impassable
D:5:      layout_basic, uniq_crazy_yiuf_cottage, uniq_sigmund, uniq_menkaure
D:6:      layout_gridville, biasface_ghost_orc_armoury
D:7:      layout_basic, lemuel_mausoleum_altar_yredelemnul, temple_doors_e,
          uniq_pikel
D:8:      layout_cave_pools, grunt_temple_overflow_order_and_chaos_2,
          kennysheep_windowed_goal, uniq_maurice
D:9:      layout_roguey, chequers_serial_rivers_micro_c, serial_bayou_ford_a,
          kennysheep_island_fort
D:10:     layout_roguey, orc_david_3, serial_rivers,
          chequers_serial_rivers_large_a, chequers_serial_rivers_room_b,
          chequers_serial_rivers_room_a, chequers_serial_rivers_micro_b,
          chequers_serial_rivers_marsh, st_stairs_9, eino_tiny_chamber
Orc:1:    layout_caves, uniq_urug
Orc:2:    st_orc_mages, layout_caves, nicolae_orc_stony_grotto, uniq_saint_roka

Notes
Turn   | Place    | Note
-------+----------+-------------------------------------------
     0 | D:1      | zeratav the Djinni Ice Elementalist began the quest for the
                  | Orb.
     0 | D:1      | Reached XP level 1. HP: 15/15 MP: 0/0
     0 | D:1      | magus.rc [v1.9.6]
   314 | D:1      | Reached XP level 2. HP: 16/21 MP: 0/0
   455 | D:1      | HP: 5/21 [goblin/+0 dagger (4)]
  1049 | D:1      | Found a faded altar of an unknown god.
  1062 | D:1      | HP: 5/21 [ball python (3)]
  1063 | D:1      | Reached XP level 3. HP: 6/25 MP: 0/0
  1063 | D:1      | Learned a level 1 spell: Pain
  1472 | D:1      | Reached skill level 4 in Spellcasting
  2375 | D:2      | Found Ocitroups's Antique Armour Boutique.
  2708 | D:2      | Reached XP level 4. HP: 29/31 MP: 0/0
  3050 | D:3      | Identified the +2 ring mail "Faweicux" {Will+ Stlth+}
  3050 | D:3      | Found the +8 Vampire's Tooth {vamp}
  3544 | D:3      | Noticed a black bear
  3560 | D:3      | Killed a black bear
  3561 | D:3      | Reached skill level 5 in Spellcasting
  3561 | D:3      | Reached XP level 5. HP: 13/35 MP: 0/0
  3561 | D:3      | Learned a level 2 spell: Searing Ray
  4261 | D:4      | Reached XP level 6. HP: 35/40 MP: 0/0
  4739 | D:4      | Reached skill level 6 in Spellcasting
  4822 | D:4      | Noticed a black bear
  4827 | D:4      | Reached XP level 7. HP: 25/45 MP: 0/0
  4827 | D:4      | Learned a level 3 spell: Stone Arrow
  5329 | D:4      | Found a sparkling altar of Nemelex Xobeh.
  5435 | D:4      | Became a worshipper of Nemelex Xobeh the Trickster
  5666 | D:5      | Entered Level 5 of the Dungeon
  6134 | D:5      | Noticed Menkaure
  6138 | D:5      | Killed Menkaure
  6139 | D:5      | Reached skill level 7 in Spellcasting
  6492 | D:5      | Noticed Sigmund
  6518 | D:5      | Killed Sigmund
  6519 | D:5      | Reached XP level 8. HP: 36/50 MP: 0/0
  6948 | D:6      | Reached * piety under Nemelex Xobeh
  7234 | D:6      | Found a runed translucent gate.
  7234 | D:6      | Noticed Laraso's ghost (novice OpCK)
  7235 | D:6      | Found a runed translucent gate.
  7235 | D:6      | Identified the +4 plate armour "Femuest" {Rampage Str+3}
  7236 | D:6      | Found a runed translucent gate.
  7300 | D:6      | Reached skill level 8 in Spellcasting
  7558 | D:6      | Received a gift from Nemelex Xobeh
  7755 | D:6      | Reached ** piety under Nemelex Xobeh
  7769 | D:6      | Reached XP level 9. HP: 47/55 MP: 0/0
  7769 | D:6      | Learned a level 4 spell: Summon Ice Beast
  7901 | D:6      | Reached skill level 9 in Spellcasting
  8232 | D:7      | Received a gift from Nemelex Xobeh
  8285 | D:6      | Killed Laraso's ghost
  8760 | D:7      | Found a staircase to the Ecumenical Temple.
  8773 | D:7      | Reached skill level 10 in Spellcasting
  8773 | D:7      | Reached skill level 1 in Fighting
  8894 | D:7      | Reached skill level 2 in Fighting
  8932 | D:7      | Reached skill level 3 in Fighting
  9161 | D:7      | Noticed Pikel
  9168 | D:7      | Killed Pikel
  9169 | D:7      | Reached skill level 5 in Fighting
  9169 | D:7      | Reached XP level 10. HP: 67/70 MP: 0/0
  9408 | D:7      | Reached skill level 6 in Fighting
  9586 | D:7      | Reached skill level 7 in Fighting
  9638 | D:7      | Found a basalt altar of Yredelemnul.
 10333 | D:7      | Reached skill level 8 in Fighting
 10576 | D:8      | Received a gift from Nemelex Xobeh
 10590 | D:8      | HP: 13/76 [orc priest/divine providence (15)]
 10913 | D:8      | Noticed Maurice
 10924 | D:8      | Noticed Maurice
 10924 | D:8      | Maurice changed into Maurice the water moccasin
 10926 | D:8      | Killed Maurice the water moccasin
 11262 | D:8      | Reached *** piety under Nemelex Xobeh
 11309 | D:8      | Reached skill level 9 in Fighting
 11418 | D:8      | Reached XP level 11. HP: 80/85 MP: 0/0
 11418 | D:8      | Learned a level 4 spell: Cause Fear
 11515 | D:8      | Found a glowing silver altar of Zin.
 11518 | D:8      | Noticed an angel
 11519 | D:8      | Found a burning altar of Makhleb.
 11520 | D:8      | Noticed an Executioner
 11610 | D:8      | Reached skill level 10 in Fighting
 11683 | D:8      | Reached skill level 1 in Invocations
 11840 | D:8      | Reached skill level 2 in Invocations
 12036 | D:9      | Noticed a two-headed ogre
 12042 | D:9      | Killed a two-headed ogre
 12043 | D:9      | Reached skill level 4 in Invocations
 12299 | D:9      | Reached skill level 5 in Invocations
 12308 | D:9      | Reached skill level 6 in Invocations
 12716 | D:9      | Noticed a manticore
 12805 | D:9      | HP: 20/85 [barbs]
 12808 | D:9      | HP: 9/85 [manticore/volley of spikes (2)]
 12839 | D:9      | HP: 12/85 [manticore (5)]
 12848 | D:9      | Killed a manticore
 12849 | D:9      | Reached skill level 7 in Invocations
 13284 | D:9      | Identified the +0 scale mail of Bad Feelings {rCorr}
 13775 | D:10     | Entered Level 10 of the Dungeon
 14012 | D:10     | Reached skill level 8 in Invocations
 14013 | D:10     | Received a gift from Nemelex Xobeh
 14234 | D:10     | Found a staircase to the Orcish Mines.
 14292 | D:10     | Reached **** piety under Nemelex Xobeh
 14366 | D:10     | Noticed a deep elf pyromancer
 14378 | D:10     | Killed a deep elf pyromancer
 14581 | D:10     | Received a gift from Nemelex Xobeh
 14702 | Orc:1    | Entered Level 1 of the Orcish Mines
 14832 | Orc:1    | Reached skill level 9 in Invocations
 14867 | Orc:1    | Noticed Urug
 15095 | Orc:1    | Killed Urug
 15096 | Orc:1    | Reached XP level 12. HP: 59/91 MP: 0/0
 15097 | Orc:1    | T - a +0 eveningstar of venom {macerare=g}
 15246 | Orc:1    | You drop a +0 eveningstar of venom {macerare=g}.
 15255 | Orc:1    | T - a +0 eveningstar of venom {macerare=g}
 15330 | Orc:1    | Received a gift from Nemelex Xobeh
 15429 | Orc:2    | Entered Level 2 of the Orcish Mines
 15434 | Orc:2    | Reached skill level 10 in Invocations
 15434 | Orc:2    | Reached skill level 2 in Armour
 15560 | Orc:2    | Reached skill level 3 in Armour
 15566 | Orc:2    | Noticed an orc high priest
 15583 | Orc:2    | Noticed an orc high priest
 15772 | Orc:2    | Noticed a sixfirhy
 15772 | Orc:2    | HP: 20/91 [orc high priest/+0 long sword (5)]
 15773 | Orc:2    | HP: 9/91 [sixfirhy[an orc high priest] (9)]
 15779 | Orc:1    | HP: 15/91 [orc high priest/+0 long sword (4)]
 15782 | Orc:1    | Killed an orc high priest
 15783 | Orc:1    | Reached skill level 4 in Armour
 16112 | Orc:2    | HP: 21/91 [troll[Saint Roka] (10)]
 16114 | Orc:2    | Reached skill level 5 in Armour
 16114 | Orc:2    | HP: 9/91 [troll[Saint Roka] (7)]
 16114 | Orc:2    | HP: 1/91 [troll[Saint Roka] (8)]
 16120 | Orc:2    | HP: 4/91 [troll[Saint Roka] (6)]
 16120 | Orc:2    | HP: 1/91 [troll[Saint Roka] (3)]
 16125 | Orc:2    | HP: 15/91 [troll[Saint Roka] (2)]
 16130 | Orc:2    | HP: 10/91 [cyclops (19)]
 16140 | Orc:2    | Mangled by a cyclops

Vanquished Creatures
  A two-headed ogre (D:9)
  Urug (Orc:1)
  An orc high priest (Orc:1)
  Pikel (D:7)
  An orc knight (Orc:2)
  An orc sorcerer (Orc:2)
  A manticore (D:9)
  The ghost of Laraso the Spear-Bearer, a novice OpCK of Hepliaklqana (D:6)
  3 trolls
  A hornet (D:9)
  8 yaks
  Sigmund (D:5)
  A wyvern (D:6)
  4 vampire mosquitoes (D:10)
  2 steam dragons (D:7)
  Menkaure (D:5)
  A warg (Orc:1)
  An acid dragon (D:8)
  A water moccasin (D:8)
  15 orc warriors
  2 sky beasts
  3 black bears
  5 ogres
  4 lemures (D:7)
  A phantom (D:6)
  4 centaurs
  2 kobold brigands
  4 bullfrogs
  9 necrophages
  2 gnoll sergeants
  2 scorpions
  22 wights
  A water moccasin zombie (D:7)
  2 killer bees
  An electric eel (D:9)
  5 howler monkeys (D:10)
  2 lava snakes (D:9)
  A centaur zombie (D:7)
  A human zombie (D:7)
  13 orc priests
  3 hounds
  A jelly (D:7)
  3 iguanas (D:6)
  10 orc wizards
  A mummy (D:7)
  6 gnolls
  6 adders
  A shadow imp (D:7)
  A white imp (D:8)
  4 worms
  56 orcs
  12 ball pythons
  4 endoplasms
  5 giant cockroaches
  3 hobgoblins
  7 jackals (D:2)
  13 kobolds
  A quokka (D:1)
  6 bats
  A frilled lizard (D:2)
  6 goblins
  4 rats
287 creatures vanquished.

Vanquished Creatures (collateral kills)
  A deep elf pyromancer (D:10)
  A yak (D:9)
  4 gnolls (D:6)
  An orc (D:7)
7 creatures vanquished.

Vanquished Creatures (others)
  4 plants (D:9)
4 creatures vanquished.

Grand Total: 298 creatures vanquished

Table legend:
 A = Non-vault XP
 B = Vault XP
 C = Vault XP percentage of total XP
 D = Non-vault monster count
 E = Vault monster count
 F = Vault count percentage of total count
                 A         B        C        D         E       F
            +---------+---------+-------+---------+---------+-------
      Total |   14030 |    6329 |  31.1 |     227 |      63 |  21.7
            +---------+---------+-------+---------+---------+-------
        D:1 |      37 |       6 |  14.0 |      23 |       4 |  14.8
        D:2 |      34 |       0 |   0.0 |      15 |       0 |   0.0
        D:3 |     155 |       0 |   0.0 |      11 |       0 |   0.0
        D:4 |     475 |       0 |   0.0 |      24 |       0 |   0.0
        D:5 |     262 |     383 |  59.4 |      10 |       2 |  16.7
        D:6 |     932 |     642 |  40.8 |      18 |      11 |  37.9
        D:7 |    1400 |    1436 |  50.6 |      26 |      13 |  33.3
        D:8 |    2347 |     275 |  10.5 |      24 |       2 |   7.7
        D:9 |    3502 |     741 |  17.5 |      32 |       3 |   8.6
       D:10 |    1837 |     190 |   9.4 |      11 |       7 |  38.9
      Orc:1 |    1640 |     802 |  32.8 |      19 |       1 |   5.0
      Orc:2 |    1409 |    1854 |  56.8 |      14 |      20 |  58.8
            +---------+---------+-------+---------+---------+-------

Illustrated notes

Table legend:
 A = Kills in this place as a percentage of kills in entire the game.
 B = Kills by you in this place as a percentage of kills by you in the entire game.
 C = Kills by friends in this place as a percentage of kills by friends in the entire game.
 D = Other kills in this place as a percentage of other kills in the entire game.
 E = Experience gained in this place as a percentage of experience gained in the entire game.
 F = Experience gained in this place divided by the number of levels of this place that you have seen.
                   A       B       C       D       E      F
               +-------+-------+-------+-------+-------+----------------------
         Total | 100.0 | 100.0 | 100.0 |   N/A | 100.0 | 1696.6
       Dungeon |  81.4 |  80.9 | 100.0 |   N/A |  72.0 | 1465.4
  Orcish Mines |  18.6 |  19.1 |   0.0 |   N/A |  28.0 | 2852.5
               +-------+-------+-------+-------+-------+----------------------

Table legend: (Time is in decaauts)
 A = Elapsed time spent in this place.
 B = Non-inter-level travel time spent in this place.
 C = Inter-level travel time spent in this place.
 D = Time resting spent in this place.
 E = Time spent auto-exploring this place.
 F = Levels seen in this place.
 G = Mean time per level.
                   A        B        C        D        E       F      G
               +--------+--------+--------+--------+--------+-----+--------+
         Total |  16118 |  15701 |    417 |   4155 |   9763 |  12 | 1343.2 |
       Dungeon |  14875 |  14477 |    398 |   3455 |   9489 |  10 | 1487.5 |
  Orcish Mines |   1242 |   1223 |     19 |    700 |    274 |   2 |  621.0 |
               +--------+--------+--------+--------+--------+-----+--------+

Top non-repeatable levels by time:
     D:7: 2289 daAuts
     D:1: 1919 daAuts
     D:9: 1771 daAuts
     D:6: 1654 daAuts
     D:4: 1598 daAuts
     D:5: 1246 daAuts
     D:8: 1141 daAuts
     D:2: 1125 daAuts
    D:10: 1115 daAuts
   Orc:1: 1039 daAuts
     D:3: 1013 daAuts
   Orc:2: 202 daAuts
